 Dungeon Crawl Stone Soup version 0.19-a0-1110-g6a29f8a (webtiles) character file.

398 AlphabetPasta the Charlatan (level 6, 0/35 HPs)
             Began as a Deep Elf Artificer on Aug 11, 2016.
             Was an Initiate of Vehumet.
             Succumbed to a scorpion's poison
             ... on level 4 of the Dungeon.
             The game lasted 00:18:23 (2854 turns).

AlphabetPasta the Charlatan (Deep Elf Artificer)    Turns: 2854, Time: 00:18:24

Health: 0/35       AC:  5    Str:  9    XL:     6   Next: 53%
Magic:  14/14      EV: 14    Int: 23    God:    Vehumet [......]
Gold:   181        SH:  4    Dex: 15    Spells: 0 memorised, 13 levels left

rFire  . . .     SeeInvis .     a - +0 short sword
rCold  . . .     Gourm    .     B - +0 robe
rNeg   . . .     Faith    .     (no shield)
rPois  .         Spirit   .     (no helmet)
rElec  .         Dismiss  .     y - +0 cloak
rCorr  .         Reflect  +     (no gloves)
SustAt +         Harm     .     n - +1 pair of boots
MR     .....                    o - +4 amulet of reflection
Stlth  ++........               (no ring)
                                j - ring of sustain attributes

@: brilliant, lethally poisoned (0 -> -12), exhausted, slowed, drained, very
slow
A: no striking features
a: Renounce Religion


You were on level 4 of the Dungeon.
You worshipped Vehumet.
Vehumet was noncommittal.
You were not hungry.

You visited 2 branches of the dungeon, and saw 5 of its levels.

You collected 181 gold pieces.

Inventory:

Hand Weapons
 a - a +0 short sword (weapon)
Armour
 b - a +0 leather armour
 n - a +1 pair of boots (worn)
 y - a +0 cloak (worn)
 B - a +0 robe (worn)
Jewellery
 j - a ring of sustain attributes (left hand)
 m - an uncursed amulet of harm
 o - a +4 amulet of reflection (around neck)
Wands
 c - a wand of flame (32/48)
 d - a wand of enslavement (10/24)
 e - a wand of random effects (1/48)
 r - a wand of lightning (1/15)
Scrolls
 t - a scroll of remove curse
Potions
 g - 2 potions of berserk rage
 l - a potion of heal wounds {unknown}
 q - a potion of haste {unknown}
 s - a potion of brilliance
 u - a potion of cancellation {unknown}
 x - 2 potions of flight {unknown}
 A - 2 potions of curing {unknown}
Comestibles
 f - 4 bread rations
 h - a meat ration
 p - 2 slices of pizza


   Skills:
 - Level 2.3(2.2) Fighting
 - Level 2.9(2.8) Short Blades
 + Level 4.0(3.9) Dodging
 - Level 1.2(1.1) Stealth
 * Level 4.0 Spellcasting
 * Level 4.8 Evocations


You had 13 spell levels left.
You didn't know any spells.

Dungeon Overview and Level Annotations

Branches:
Dungeon (4/15)             Temple (1/1) D:4

Altars:
Cheibriados
Dithmenos
Elyvilon
Gozag
Makhleb
Okawaru
Ru
Sif Muna
Trog
Vehumet
Xom
Zin
The Shining One


Message History

You feel your anger subside.
You are no longer berserk.
You pass out from exhaustion.
You feel yourself slow down.
* * * LOW HITPOINT WARNING * * *
You feel sick.
* * * LOW HITPOINT WARNING * * *
You feel sick.
* * * LOW HITPOINT WARNING * * *
You feel sick.
* * * LOW HITPOINT WARNING * * *
You feel sick.
* * * LOW HITPOINT WARNING * * *
You feel sick.
You can move again.
It was a potion of brilliance.
You feel clever all of a sudden.
* * * LOW HITPOINT WARNING * * *
You feel sick.
It was a potion of cure mutation.
It has a very clean taste.
You die...

...#...#**#..#####...# ###.#..##
.......##....#,,,##..####........
...........#.#,,,*##..##.....#...
.........###.#*+** #........###..
.####..### #.<,,,* ##.......#*##.
## ##..# ##..,,* ##.......# ## *
*..# #..#** *#........## # *
*#.#####...####..##......## *
*........†@....#*##......## *
*,,...###.....## #........ *
*,,**** ####..## *#....... * *,**
#...### *#...... * **,*
##.....####...... * *,**
#............#... **,*
#.######......##. *****,,** ##*
####...#.# ,,,***,,* ####>..


There were no monsters in sight!

Vanquished Creatures
  A mottled dragon (D:4)
  An ogre (D:4)
  A scorpion (D:4)
  A howler monkey (D:4)
  A hound skeleton (D:4)
  4 adders
  An ooze (D:1)
  A worm (D:4)
  3 giant geckos
  2 orcs (D:3)
  8 bats
  A giant cockroach (D:2)
  5 goblins
  6 hobgoblins
  4 jackals (D:1)
  5 kobolds
  4 quokkas
  A ball python skeleton (D:3)
  3 giant newts
  8 rats
61 creatures vanquished.

Vanquished Creatures (collateral kills)
  A bat (D:1)
  A goblin (D:1)
  A jackal (D:1)
3 creatures vanquished.

Vanquished Creatures (others)
  3 jackals (D:1)
  A bat (D:1)
4 creatures vanquished.

Grand Total: 68 creatures vanquished

Notes
Turn   | Place    | Note
-------+----------+-------------------------------------------
     0 | D:1      | AlphabetPasta the Deep Elf Artificer began the quest for the Orb.
     0 | D:1      | Reached XP level 1. HP: 11/11 MP: 5/5
   166 | D:1      | Reached XP level 2. HP: 10/16 MP: 6/6
   167 | D:1      | Reached skill level 1 in Spellcasting
   844 | D:1      | Reached skill level 1 in Fighting
  1067 | D:2      | Reached XP level 3. HP: 20/20 MP: 7/7
  1102 | D:2      | Found a shadowy altar of Dithmenos.
  1662 | D:2      | Found a snail-covered altar of Cheibriados.
  1772 | D:2      | Found a white marble altar of Elyvilon.
  1917 | D:3      | Reached XP level 4. HP: 25/25 MP: 9/9
  1985 | D:3      | Found an iron altar of Okawaru.
  2119 | D:3      | Found an opulent altar of Gozag.
  2135 | D:3      | Noticed a mottled dragon
  2135 | D:3      | a worm changed into a mottled dragon
  2428 | D:4      | Found a staircase to the Ecumenical Temple.
  2434 | Temple   | Entered the Ecumenical Temple
  2529 | Temple   | Became a worshipper of Vehumet
  2612 | D:4      | Killed a mottled dragon
  2612 | D:4      | Reached XP level 5. HP: 30/30 MP: 11/11
  2621 | D:4      | Noticed an ogre
  2626 | D:4      | Killed an ogre
  2626 | D:4      | Reached XP level 6. HP: 35/35 MP: 11/13
  2853 | D:4      | HP: 1/35 [poisoned by a scorpion]
  2854 | D:4      | Succumbed to a scorpion's poison

Vault maps used:
D:1:      lemuel_arrival_lava_pool
D:2:      nicolae_overflow_crystal_walls, marbit_many_paths,
          lemuel_doored_altar, kennysheep_generic_room_9
D:3:      nicolae_overflow_hidden_temple, okawaru_trees_2
D:4:      kennysheep_mini_moat, sigmund_army
Temple:   dpeg_three_leaves_temple

Skill      XL: |  1  2  3  4  5  6 |
---------------+-------------------+-----
Spellcasting   | 1 2 3 4 |  4.0
Fighting       | 1 2 |  2.3
Evocations     | 4 |  4.8
Short Blades   | 2 |  2.9
Dodging        | 3 4 |  4.0
Stealth        | |  1.2

Action                   |  1- 3 |  4- 6 || total
-------------------------+-------+-------++-------
Melee: Short sword       |   125 |    76 ||   201
Evoke: Wand              |    18 |    26 ||    44
  Use: Scroll            |       |     8 ||     8
       Potion            |       |     3 ||     3
 Stab: Sleeping          |     3 |     3 ||     6
  Eat: Chunk             |     3 |     2 ||     5
       Beef jerky        |       |     1 ||     1
Armor: Leather armour    |    49 |     8 ||    57
       Robe              |       |     8 ||     8
Dodge: Dodged            |    87 |    44 ||   131
Block: Other             |       |     3 ||     3
